 Dungeon Crawl Stone Soup version 0.31-a0-354-g827e0957a7 (webtiles) character file.

Game seed: 9176149918309871031

95 Dordric the Ruffian (level 4, -1/40 HPs)
             Began as a Troll Shapeshifter on July 24, 2023.
             Slain by a +6 spectral club (7 damage)
             ... created by Jessica
             ... on level 3 of the Dungeon.
             The game lasted 00:01:42 (1881 turns).

Dordric the Ruffian (Troll Shapeshifter)            Turns: 1881, Time: 00:01:43

Health: -1/40      AC:  4    Str: 23    XL:     4   Next: 39%
Magic:  3/3        EV: 10    Int:  4    God:
Gold:   155        SH:  0    Dex: 12    Spells: 3/3 levels left

rFire   . .          .
                       - Unarmed
rCold   . . .        (no shield)
rNeg    . . .        a - +0 animal skin
rPois   .            (helmet currently unavailable)
rElec   .            (cloak currently unavailable)
rCorr   .            (gloves unavailable)
SInv    .            (boots unavailable)
Will    .....        (no amulet)
Stlth   +            (no ring)
HPRegen 1.06/turn    (no ring)
MPRegen 0.08/turn

%: no passive effects
@: beast-form
A: beast (slay +2), large, unfitting armour, claws 3, regeneration 1, shaggy fur
1, tough skin 1
a: Begin Untransformation


You were on level 3 of the Dungeon.
You were a hulking beast.
You visited 1 branch of the dungeon, and saw 3 of its levels.

You collected 155 gold pieces.

Inventory:

Armour
 a - a +0 animal skin (worn)
Jewellery
 d - an amulet of faith
Talismans
 c - a beast talisman
 g - a storm talisman
Scrolls
 e - 3 scrolls of identify {unknown}
 h - a scroll of noise {unknown}
 j - a scroll of immolation {unknown}
 m - a scroll of revelation {unknown}
Potions
 b - a potion of lignification
 f - a potion of haste {unknown}
 i - a potion of ambrosia {unknown}
 k - 3 potions of mutation {unknown}
 l - a potion of might {unknown}


   Skills:
 - Level 0.7 Fighting
 - Level 1.5 Dodging
 + Level 5.2 Unarmed Combat
 - Level 3.0 Shapeshifting


You had 3 spell levels left.
You didn't know any spells.
Your spell library was empty.

Dungeon Overview and Level Annotations

Branches:
Dungeon (3/15)

Altars:

Annotations:
D:3 Jessica


Innate Abilities, Weirdness & Mutations

You are a hulking beast.
Your limbs bulge with bestial killing power. (Slay +2)
You are too large for most types of armour.
You have claws for hands.
Your natural rate of healing is unusually fast.
You are covered in fur. (AC +1)
You have tough skin. (AC +1)


Message History

Done exploring.
There is a stone staircase leading down here.
You climb downwards.
Level annotation: Jessica Jessica mumbles some strange words.
Jessica blinks!
There is a stone staircase leading up here.
Jessica is nearby!
There is a stone staircase leading up here.
You barely miss Jessica.
Jessica is heavily wounded.
Jessica hits you with a +6 spectral club!
The +6 spectral club hits you.
A +6 spectral club comes into view.
You scratch Jessica.
Jessica is heavily wounded.
Jessica casts a spell.
Jessica blinks!
The +6 spectral club hits you. The +6 spectral club hits you! x2
* * * LOW HITPOINT WARNING * * *
The +6 spectral club disappears.
You are too injured to fight recklessly!
You are too injured to fight recklessly!
You are too injured to fight recklessly!
You are too injured to fight recklessly!
You are too injured to fight recklessly!
You are too injured to fight recklessly!
You are too injured to fight recklessly!
You are too injured to fight recklessly!
You are too injured to fight recklessly!
You are too injured to fight recklessly!
You are too injured to fight recklessly!
You are too injured to fight recklessly!
You are too injured to fight recklessly!
You are too injured to fight recklessly!
You are too injured to fight recklessly!
You barely miss Jessica. Your claw misses Jessica.
Jessica is heavily wounded.
Jessica closely misses you. The +6 spectral club hits you!
You die...

# #. #.# ##.
## #.#. ...
.. ... ... .
#..#.#.#
.###..#.#.#
......@...#
#..(h######
#.....<...#.#
#...........#
##...####.###
#...# # #..##
#... #.#..
.##..


You could see a +6 spectral club (wandering) and Jessica.

Vanquished Creatures
  4 adders (D:2)
  A worm (D:2)
  2 dart slugs (D:1)
  4 orcs (D:2)
  A ball python (D:1)
  10 endoplasms
  3 goblins
  8 jackals
  5 kobolds
  A bat (D:1)
  3 frilled lizards
  3 rats
45 creatures vanquished.

Notes
Turn   | Place    | Note
-------+----------+-------------------------------------------
     0 | D:1      | Dordric the Troll Shapeshifter began the quest for the Orb.
     0 | D:1      | Reached XP level 1. HP: 18/18 MP: 0/0
   158 | D:1      | Reached XP level 2. HP: 26/26 MP: 1/1
   325 | D:1      | Reached skill level 4 in Unarmed Combat
   709 | D:1      | Reached XP level 3. HP: 32/32 MP: 2/2
  1249 | D:2      | Found a faded altar of an unknown god.
  1323 | D:2      | Reached skill level 5 in Unarmed Combat
  1323 | D:2      | Reached XP level 4. HP: 40/40 MP: 3/3
  1839 | D:3      | Noticed Jessica
  1881 | D:3      | Slain by a +6 spectral club

Illustrated notes

Levels and vault maps discovered:
D:1:      dpeg_arrival_yet_another_circle, layout_loops_ring
D:2:      layout_basic, shapermc_ecumenical_altar_mp_ritualfount,
          nicolae_half_adder
D:3:      layout_loops_ring, serial_shops, shop, minmay_misc_feat_rugged,
          uniq_jessica

Skill      XL: |  1  2  3 |
---------------+----------+-----
Unarmed Combat | 4 5 |  5.2
Fighting       | |  0.7
Dodging        | |  1.5
Shapeshifting  | |  3.0

Action                     |  1- 3 |  4- 6 || total
---------------------------+-------+-------++-------
  Melee: Unarmed           |    71 |    23 ||    94
         Punch             |     1 |     2 ||     3
   Stab: Sleeping          |     1 |       ||     1
 Armour: Animal skin       |    15 |     6 ||    21
  Dodge: Dodged            |    31 |    15 ||    46
   Form: Storm             |     1 |       ||     1
         Beast             |     1 |       ||     1

Table legend: (Time is in decaauts)
 A = Elapsed time spent in this place.
 B = Non-inter-level travel time spent in this place.
 C = Inter-level travel time spent in this place.
 D = Time resting spent in this place.
 E = Time spent auto-exploring this place.
 F = Levels seen in this place.
 G = Mean time per level.
                   A        B        C        D        E       F      G
               +--------+--------+--------+--------+--------+-----+--------+
         Total |   1874 |   1762 |    112 |      0 |   1497 |   3 |  624.7 |
       Dungeon |   1874 |   1762 |    112 |      0 |   1497 |   3 |  624.7 |
               +--------+--------+--------+--------+--------+-----+--------+

Top non-repeatable levels by time:
     D:2: 994 daAuts
     D:1: 864 daAuts
     D:3: 14 daAuts
